 Dungeon Crawl Stone Soup version 0.17-a0-1863-g715b4b0 (webtiles) character file.

56 4thArraOfDagon the Firebug (level 3, -3/19 HPs)
             Began as a Tengu Fire Elementalist on Sept 20, 2015.
             Slain by a giant frog (4 damage)
             ... on level 5 of the Dungeon.
             The game lasted 00:06:33 (1118 turns).

4thArraOfDagon the Firebug (TeFE)                   Turns: 1118, Time: 00:06:34

Health: -3/19      AC:  0    Str:  3    XL:     3   Next: 95%
Magic:  7/7        EV: 24    Int: 16    God:
Gold:   129        SH:  0    Dex: 19    Spells: 2 memorised, 2 levels left

rFire  . . .     SeeInvis .     (weapon currently unavailable)
rCold  . . .     Clarity  .     (armour currently unavailable)
rNeg   . . .     SustAt   .     (shield currently unavailable)
rPois  .         Gourm    .     (helmet currently unavailable)
rElec  .         Spirit   .     (cloak currently unavailable)
rCorr  .         Warding  .     (gloves currently unavailable)
rMut   .         Stasis   .     (boots unavailable)
MR     .....                    (no amulet)
Stlth  ++........               (ring currently unavailable)
                                (ring currently unavailable)

@: bat-form, flying quickly and evasively, very quick, not resistant to hostile
enchantments, unstealthy
A: (beak), (talons 0)
a: no special abilities


You were on level 5 of the Dungeon.
You were not hungry.
You were in bat-form.
You visited 1 branch of the dungeon, and saw 5 of its levels.

You collected 129 gold pieces.

Inventory:

Hand weapons
 d - a +0 club (melded)
Armour
 f - a +0 pair of gloves (melded)
 i - a +1 leather armour of cold resistance (melded)
Magical devices
 e - a wand of polymorph (9)
Scrolls
 a - 2 scrolls of identify
 h - a scroll of remove curse
Potions
 k - a potion of flight
Books
 b - a book of Flames

   Spells                             Type                      Level
   a - Flame Tongue                   Conjuration/Fire             1
   b - Throw Flame                    Conjuration/Fire             2
   c - Conjure Flame                  Conjuration/Fire             3
   d - Inner Flame                    Hexes/Fire                   3
   e - Sticky Flame                   Conjuration/Fire             4
   f - Fireball                       Conjuration/Fire             5
Comestibles
 c - 2 bread rations
 g - 2 meat rations


   Skills:
 - Level 2.1 Dodging
 - Level 2.0 Stealth
 + Level 2.4 Spellcasting
 * Level 3.0 Conjurations
 * Level 4.2 Fire Magic


You had 2 spell levels left.
You knew the following spells:

 Your Spells              Type           Power        Failure   Level  Hunger
a - Flame Tongue          Conj/Fire      ##...        6%          1    #......
b - Conjure Flame         Conj/Fire      ##......     14%         3    ###....


Dungeon Overview and Level Annotations

Branches:
Dungeon (5/15)
 Temple: D:4-7

Altars:
Cheibriados
Makhleb
Nemelex Xobeh
Okawaru

Annotations:
D:3 Goblin1989's ghost, average KoAs
D:5 Edmund


Innate Abilities, Weirdness & Mutations

((You have a beak for a mouth.))
((You have claws for feet.))


Message History

Unknown command.
Unknown command.
Unknown command.
The gnoll throws a throwing net.
The throwing net misses you.
You see here a throwing net.
The giant frog closely misses you.
The gnoll throws a throwing net.
The throwing net hits you.
You become entangled in the net!
You see here a throwing net.
Unknown command.
You try to slip out of the net.
The giant frog hits you! The giant frog hits you!
* * * LOW HITPOINT WARNING * * *
Unknown command.
You try to slip out of the net.
The gnoll hits you.
* * * LOW HITPOINT WARNING * * *
The giant frog barely misses you.
Unknown command.
Unknown command.
You slip out of the net!
The giant frog hits you.
You die...

....... ........ #.#.#.# #...
#######.#.#.# # ##..
...........##.# #..
.......g.g....# #..
...........#########..
##.##.g......<.......
##.##g.......#######.
############...bF.......... #.
#.............##(.......#.... #.
#ยง##########.###.............##.
#.# ###=# #........#....##.
#.##### #...# ####.....#....##.
#.#...# ##...######'##### ...##.
#o#...###.......oo....
#.(..........# o.....
#.#...###....# .......#


You could see a giant frog and 4 gnolls.

Vanquished Creatures
  An adder (D:2)
  An ooze (D:1)
  2 giant geckos (D:1)
  An orc (D:5)
  4 bats
  4 hobgoblins (D:1)
  12 jackals
  3 kobolds
  A quokka (D:4)
  3 goblins (D:1)
  3 rats
35 creatures vanquished.

Notes
Turn   | Place    | Note
--------------------------------------------------------------
     0 | D:1      | 4thArraOfDagon the Tengu Fire Elementalist began the quest for the Orb.
     0 | D:1      | Reached XP level 1. HP: 10/10 MP: 4/4
   173 | D:1      | Reached XP level 2. HP: 13/15 MP: 0/6
   442 | D:1      | Reached XP level 3. HP: 19/19 MP: 4/7
   447 | D:1      | Learned a level 3 spell: Conjure Flame
   526 | D:2      | Reached skill level 4 in Fire Magic
   668 | D:3      | Noticed Goblin1989's ghost (average KoAs)
   715 | D:3      | You fall through a shaft!
   715 | D:5      | Entered Level 5 of the Dungeon
   766 | D:5      | Noticed a centaur
   767 | D:5      | Noticed a slave
   783 | D:5      | Noticed Edmund
   785 | D:5      | Noticed a scorpion
   910 | D:5      | Found a sparkling altar of Nemelex Xobeh.
   914 | D:5      | Found a snail-covered altar of Cheibriados.
   914 | D:5      | Found a burning altar of Makhleb.
   914 | D:5      | Found an iron altar of Okawaru.
  1065 | D:4      | Noticed an ogre
  1110 | D:5      | Noticed a giant frog
  1118 | D:5      | Slain by a giant frog

Vault maps used:
D:1:      dpeg_arrival_court, hangedman_decor_growths, minmay_misc_feat_rows
D:2:      first_bread, kennysheep_generic_room_14
D:3:      serial_park_tiny_1
D:4:      led_xom_imps
D:5:      grunt_temple_overflow_open, minmay_temple_entry_butterflies,
          uniq_edmund, uniq_pikel

Action                   || total
-------------------------++-------
Melee: Unarmed           ||     7
       Club              ||    19
 Cast: Flame Tongue      ||    50
       Conjure Flame     ||     6
Evoke: Wand              ||     1
  Use: Potion            ||     3
       Scroll            ||     6
 Stab: Sleeping          ||     1
  Eat: Chunk             ||     2
